 Dungeon Crawl Stone Soup version 0.29-a0-384-g6960b1960d (webtiles) character file.

Game seed: 7973538092092694665

631 jlumianski the Chopper (level 7, -3/53 HPs)
             Began as a Demonspawn Fighter on May 6, 2022.
             Killed from afar by a steam dragon (9 damage)
             ... with a ball of steam
             ... on level 5 of the Dungeon.
             The game lasted 00:15:04 (4478 turns).

jlumianski the Chopper (Demonspawn Fighter)         Turns: 4478, Time: 00:15:04

Health: -3/53      AC:  9    Str: 18    XL:     7   Next: 24%
Magic:  7/7        EV: 11    Int:  9    God:
Gold:   1876       SH:  5    Dex: 13    Spells: 6/6 levels left

rFire   . . .      SeeInvis +   a - +4 war axe (vamp)
rCold   . . .      Faith    .   c - +0 buckler
rNeg    . . .      Spirit   .   h - +3 leather armour
rPois   .          Reflect  .   (no helmet)
rElec   .          Harm     .   q - +0 cloak
rCorr   .          Rampage  .   (no gloves)
Will    .....                   (no boots)
Stlth   ++........              g - amulet of the acrobat
HPRegen 0.17/turn               z - ring of see invisible
MPRegen 0.10/turn               (no ring)

@: no status effects
A: molten scales 1, spiny 2
a: no special abilities


You were on level 5 of the Dungeon.
You visited 1 branch of the dungeon, and saw 6 of its levels.
You also visited: Sewer.

You collected 1876 gold pieces.

Inventory:

Hand Weapons
 a - a +4 vampiric war axe (weapon)
 e - a +0 spear of flaming
 l - a +1 whip of draining
Missiles
 j - 3 boomerangs (quivered)
 n - 133 stones
 s - 2 curare-tipped darts
 v - 7 poisoned darts
Armour
 b - a +0 scale mail
 c - a +0 buckler (worn)
 h - a +3 leather armour (worn)
 q - a +0 cloak (worn)
Magical Staves
 f - a staff of fire
Jewellery
 g - an amulet of the acrobat (around neck)
 z - a ring of see invisible (left hand)
Wands
 d - a wand of acid (2)
 A - a wand of flame (1)
Scrolls
 y - a scroll of teleportation
 C - a scroll of brand weapon
Potions
 i - 5 potions of brilliance
 k - 2 potions of attraction
 m - 2 potions of heal wounds
 o - 2 potions of curing
 p - a potion of lignification
 r - a potion of flight
 t - a potion of haste {unknown}
 u - a potion of invisibility {unknown}
 w - a potion of cancellation
 x - a potion of degeneration {unknown}


   Skills:
 + Level 3.9 Fighting
 + Level 4.5 Axes
 + Level 1.3 Throwing
 + Level 4.2 Armour
 + Level 1.5 Dodging
 + Level 1.5 Stealth
 + Level 3.7 Shields


You had 6 spell levels left.
You didn't know any spells.
Your spell library contained the following spells:

 Spells                   Type           Power      Damage    Failure   Level
 Sandblast                Erth           0%         2d4       54%         1
 Corpse Rot               Necr/Air       0%         N/A       67%         2
 Passwall                 Tmut/Erth      0%         N/A       67%         2
 Poisonous Vapours        Pois/Air       0%         N/A       67%         2
 Sublimation of Blood     Necr           0%         N/A       67%         2
 Stone Arrow              Conj/Erth      0%         3d7       88%         3
 Petrify                  Tmut/Erth      0%         N/A       99%         4
 Irradiate                Conj/Tmut      0%         3d13      100%        5


Dungeon Overview and Level Annotations

Branches:
Dungeon (6/15)              Sewer (visited)
 Temple: D:4-7

Altars:
Fedhas
Hepliaklqana
Makhleb
Vehumet


Innate Abilities, Weirdness & Mutations

You are partially covered in molten scales. (AC +2)
You are mostly covered in sharp spines.


Message History

You kill the quokka!
You see here a quokka corpse.
y - a scroll of teleportation You see here a quokka corpse.
There is a stone staircase leading down here.
o - 2 potions of curing (gained 1)
You now have 1876 gold pieces (gained 8).
As you open the door, it creaks loudly!
There is an open door here.
n - 133 stones (gained 14)
You enter the shallow water.
Moving in this stuff is going to be slow.
A steam dragon comes into view.
The steam dragon hisses angrily.
A steam dragon comes into view.
Found a ring mail.
The steam dragon breathes steam at you. The ball of steam misses you.
You are engulfed in a cloud of scalding steam.
You are engulfed in a cloud of scalding steam.
The fungus is engulfed in a cloud of scalding steam.
The fungus begins to die.
The fungus is engulfed in a cloud of scalding steam. x2
The fungus begins to die.
The steam dragon breathes steam at you. The ball of steam hits you.
You are engulfed in a cloud of scalding steam.
You are engulfed in a cloud of scalding steam.
The steam dragon breathes steam at you.
The ball of steam hits the fungus!
The fungus begins to die.
The ball of steam hits you!!
The steam dragon bites the fungus!
The fungus begins to die.
The steam dragon claws the fungus.
The steam dragon breathes steam at you. The ball of steam hits you!!
* * * LOW HITPOINT WARNING * * *
There is a stone staircase leading down here.
The steam dragon breathes steam at you. The ball of steam hits you!
You die...

###....####.###.#....##
#....'##≈≈###≈#.......#
#....#≈≈≈≈≈≈'≈#.......#
#....#≈≈≈≈≈≈'.#.......#
#^...'##≈≈###≈#.......#
#..)...####.###........
#................##....
#.......#...D....##≈≈..
#######.....@§§....D..###...≈
#.......###'####.###### ##^..
####.##.# #.# #.# #PD. #.##.#
#.# #.# #P.≈ #.##.###.# #.#
#D.≈ #.##.##..# #.# #P.≈
#.##.##.## #.# #≈.≈ #.##.##.#
#.# #..≈ ##.##.##.#####.#
##..


There were no monsters in sight!

Vanquished Creatures
  An ice beast (D:5)
  A black bear (D:5)
  A kobold brigand (Sewer)
  A scorpion (D:4)
  A crimson imp (D:4)
  An iguana (D:5)
  Natasha (thrice) (D:2)
  2 orc wizards (D:5)
  6 adders
  A white imp (D:5)
  10 orcs
  11 ball pythons
  4 bats
  5 endoplasms
  3 goblins
  4 hobgoblins
  3 jackals (D:2)
  4 quokkas
  6 frilled lizards
  13 kobolds
  7 rats
88 creatures vanquished.

Vanquished Creatures (others)
  6 fungi
  A plant (Sewer)
7 creatures vanquished.

Grand Total: 95 creatures vanquished

Notes
Turn   | Place    | Note
-------+----------+-------------------------------------------
     0 | D:1      | jlumianski the Demonspawn Fighter began the quest for the
                  | Orb.
     0 | D:1      | Reached XP level 1. HP: 18/18 MP: 1/1
   407 | D:1      | Found a faded altar of an unknown god.
   534 | D:1      | Gained mutation: You are partially covered in sharp spines.
                  | [demonic ancestry]
   534 | D:1      | Reached XP level 2. HP: 24/24 MP: 2/2
  1128 | D:2      | Noticed Natasha
  1136 | D:2      | Killed Natasha
  1137 | D:2      | Reached XP level 3. HP: 17/29 MP: 3/3
  1428 | D:2      | Noticed Natasha
  1437 | D:2      | Killed Natasha
  1438 | D:2      | Reached XP level 4. HP: 18/35 MP: 4/4
  1468 | D:2      | Noticed Natasha
  1486 | D:2      | Killed Natasha
  2301 | D:3      | Reached skill level 1 in Throwing
  2301 | D:3      | Reached skill level 1 in Stealth
  2301 | D:3      | Gained mutation: You are mostly covered in sharp spines.
                  | [demonic ancestry]
  2301 | D:3      | Reached XP level 5. HP: 41/41 MP: 5/5
  2527 | D:5      | Entered Level 5 of the Dungeon
  2604 | D:5      | Noticed an ice beast
  2614 | D:5      | Killed an ice beast
  2637 | D:5      | Found a glowing drain.
  2641 | Sewer    | Entered a sewer
  2963 | Sewer    | Gained mutation: You are partially covered in molten
                  | scales. (AC +2) [demonic ancestry]
  2963 | Sewer    | Reached XP level 6. HP: 47/47 MP: 6/6
  2970 | Sewer    | Reached skill level 1 in Dodging
  3235 | D:4      | Identified 2 scrolls of acquirement
  3370 | D:4      | Found a burning altar of Makhleb.
  3373 | D:4      | Found a radiant altar of Vehumet.
  3572 | D:4      | Found a hazy altar of Hepliaklqana.
  3772 | D:4      | Acquired 1053 gold pieces
  3774 | D:4      | Acquired 520 gold pieces
  3811 | D:5      | Found a blossoming altar of Fedhas.
  3877 | D:5      | Reached XP level 7. HP: 53/53 MP: 7/7
  4017 | D:5      | You fall into a shaft and drop 1 floor!
  4444 | D:5      | Noticed a steam dragon
  4445 | D:5      | Noticed a steam dragon
  4478 | D:5      | Killed from afar by a steam dragon

Illustrated notes

Levels and vault maps discovered:
D:1:      nagdon_arrival_double_spiral, layout_loops_corners,
          hellmonk_ecumenical_altar_heavens_door
D:2:      layout_basic, nrook_mini_backslash, uniq_natasha
D:3:      layout_rooms, serial_glass, glass_columns_a, glass_columns_c,
          glass_columns_a, glass_columns_a, glass_columns_c, glass_columns_b
D:4:      layout_loops_ring, grunt_temple_overflow_lords_of_destruction,
          nicolae_hepliaklqana_hippocampus
D:5:      kennysheep_steamy, layout_basic, fedhas_altar_1, gup_sewer_entry_bowl
D:6:      nicolae_BIG_FREAKIN_CUBE, layout_basic, nicolae_elyvilon_temple_path,
          mainiacjoe_overflow_two_lobes, minmay_temple_entry_poolview,
          lemuel_another_geyser, uniq_maggie, uniq_sigmund

Skill      XL: |  1  2  3  4  5  6 |
---------------+-------------------+-----
Axes           | 2 3 4 |  4.5
Armour         | 3 4 |  4.2
Shields        | 3 |  3.7
Throwing       | 1 |  1.3
Stealth        | 1 |  1.5
Dodging        | 1 |  1.5
Fighting       | |  3.9

Action                   |  1- 3 |  4- 6 |  7- 9 || total
-------------------------+-------+-------+-------++-------
Melee: War axe           |    57 |   101 |     5 ||   163
Throw: Boomerang         |     5 |     4 |       ||     9
  Use: Potion            |     1 |     3 |       ||     4
       Scroll            |     5 |    15 |       ||    20
Armor: Scale mail        |    16 |    48 |     5 ||    69
Dodge: Dodged            |    25 |    36 |     6 ||    67
Block: Buckler           |    12 |    41 |     2 ||    55

Table legend: (Time is in decaauts)
 A = Elapsed time spent in this place.
 B = Non-inter-level travel time spent in this place.
 C = Inter-level travel time spent in this place.
 D = Time resting spent in this place.
 E = Time spent auto-exploring this place.
 F = Levels seen in this place.
 G = Mean time per level.
                   A        B        C        D        E       F      G
               +--------+--------+--------+--------+--------+-----+--------+
         Total |   4598 |   4514 |     84 |    257 |   2994 |   7 |  656.9 |
       Dungeon |   4140 |   4056 |     84 |     99 |   2902 |   6 |  690.0 |
         Sewer |    458 |    458 |      0 |    158 |     92 |   1 |  458.0 |
               +--------+--------+--------+--------+--------+-----+--------+

Top non-repeatable levels by time:
     D:1: 1062 daAuts
     D:5: 926 daAuts
     D:2: 889 daAuts
     D:4: 735 daAuts
     D:3: 485 daAuts
   Sewer: 458 daAuts
     D:6: 41 daAuts
